 Dungeon Crawl Stone Soup version 0.27-a0-1591-gc56fcc985a (webtiles) character file.

Game seed: 8531102917183643595

27 Sweetruy1997 the Stinger (level 3, 0/24 HPs)
             Began as a Merfolk Venom Mage on July 19, 2021.
             Succumbed to an adder's poison
             ... on level 2 of the Dungeon.
             The game lasted 00:05:59 (1505 turns).

Sweetruy1997 the Stinger (Merfolk Venom Mage)       Turns: 1505, Time: 00:06:00

Health: 0/24       AC:  3    Str:  8    XL:     3   Next: 10%
Magic:  2/6        EV: 12    Int: 16    God:
Gold:   46         SH:  0    Dex: 15    Spells: 3/6 levels left

rFire    + . .     SeeInvis .   c - +0 dagger
rCold    + . .     Faith    .   (no shield)
rNeg     . . .     Spirit   .   f - +0 leather armour
rPois    +         Reflect  .   (no helmet)
rElec    +         Harm     .   (no cloak)
rCorr    +         Rampage  .   (no gloves)
Will     .....                  (no boots)
Stlth    ++........             (no amulet)
HPRegen  0.08/turn              (no ring)
MPRegen  0.10/turn              (no ring)

@: mighty, lethally poisoned (0 -> -1), resistant, very slightly contaminated
A: (nimble swimmer 2), mertail, clever 1, wild magic 1
a: no special abilities


You were on level 2 of the Dungeon.
You visited 1 branch of the dungeon, and saw 2 of its levels.

You collected 46 gold pieces.

Inventory:

Hand Weapons
 c - a +0 dagger (weapon)
Armour
 f - a +0 leather armour (worn)
Scrolls
 b - a scroll of silence {unknown}
 d - 2 scrolls of identify {unknown}


   Skills:
 + Level 0.1 Armour
 + Level 3.0 Dodging
 + Level 2.5 Stealth
 + Level 2.3 Spellcasting
 + Level 1.9 Transmutations
 + Level 0.2 Air Magic
 + Level 3.6 Poison Magic


You had 3 spell levels left.
You knew the following spells:

 Your Spells              Type           Power      Damage    Failure   Level
a - Sting                 Tmut/Pois      56%        1d5       14%         1
b - Poisonous Vapours     Pois/Air       20%        N/A       28%         2

Your spell library contained the following spells:

 Spells                   Type           Power      Damage    Failure   Level
 Mephitic Cloud           Conj/Pois/Air  7%         N/A       54%         3
 Olgreb's Toxic Radiance  Pois           17%        N/A       63%         4


Dungeon Overview and Level Annotations

Branches:
Dungeon (2/15)

Altars:


Innate Abilities, Weirdness & Mutations

((You are quick and stealthy near water. (Stealth+, EV+, Speed+++)))
Your lower body shifts to a powerful aquatic tail in water.
Your mind is acute. (Int +2)
Your spells are a little harder to cast, but a little more powerful.


Message History

* * * LOW HITPOINT WARNING * * *
The adder misses you.
You are too injured to fight recklessly!
Casting: Sting (safe; 11% risk of failure)
Confirm with . or Enter, or press ? or * to list all spells.
Aiming: Sting (safe; 11% risk of failure)
Press: ? - help, Shift-Dir - straight line, f/p - adder
Aim: an adder (severely wounded, poisoned, 48% to hit)
You miscast Sting.
You are very lightly contaminated with residual magic.
Nothing appears to happen.
* * * LOW HITPOINT WARNING * * *
You feel sick. The adder bites you but does no damage.
You hit the adder.
The adder is almost dead.
* * * LOW HITPOINT WARNING * * *
You feel sick. The adder closely misses you.
It was a potion of might.
You feel very mighty all of a sudden.
* * * LOW HITPOINT WARNING * * *
You feel sick. The adder closely misses you.
It was a potion of resistance.
You feel protected.
* * * LOW HITPOINT WARNING * * *
You feel sick. The adder misses you. The adder barely misses you.
It was a potion of mutation.
You feel extremely strange.
You feel clever.
You feel less in control of your magic.
* * * LOW HITPOINT WARNING * * *
You feel sick.
You kill the adder!
Your Dodging skill increases to level 3!
You have reached level 3!
Your experience leads to an increase in your attributes!
Your base attributes are Str 8, Int 14, Dex 14.
Increase (S)trength, (I)ntelligence, or (D)exterity?
You feel agile.
You aren't carrying any potions.
You hit the kobold.
The kobold is severely wounded.
You die...

$ .# ## #.. ..#
..# #.######..#
#.##..@K..#
#.##.###.## #
#.##.# #
#.###.##.## #
###.........##.
...............#
###.###.##..####
........##...#####
###...............


You could see a kobold.

Vanquished Creatures
  An adder (D:2)
  2 ball pythons (D:1)
  2 giant cockroaches (D:1)
  3 hobgoblins (D:1)
  2 jackals (D:1)
  2 quokkas (D:1)
  3 bats (D:1)
  2 rats
17 creatures vanquished.

Notes
Turn   | Place    | Note
-------+----------+-------------------------------------------
     0 | D:1      | Sweetruy1997 the Merfolk Venom Mage began the quest for the
                  | Orb.
     0 | D:1      | Reached XP level 1. HP: 13/13 MP: 3/3
   575 | D:1      | Reached XP level 2. HP: 19/19 MP: 3/5
   578 | D:1      | Learned a level 2 spell: Poisonous Vapours
  1504 | D:2      | Gained mutation: Your mind is acute. (Int +2) [potion of
                  | mutation]
  1504 | D:2      | Gained mutation: Your spells are a little harder to cast,
                  | but a little more powerful. [potion of mutation]
  1505 | D:2      | Reached XP level 3. HP: 1/24 MP: 2/6
  1505 | D:2      | Succumbed to an adder's poison

Illustrated notes

Levels and vault maps discovered:
D:1:      minmay_arrival_doors, layout_basic
D:2:      layout_loops_ring, ebering_ecumenical_altar_hall, st_stairs_7

Skill      XL: |  1  2 |
---------------+-------+-----
Dodging        | 3 |  3.0
Armour         | |  0.1
Stealth        | |  2.5
Spellcasting   | |  2.3
Transmutations | |  1.9
Air Magic      | |  0.2
Poison Magic   | |  3.6

Action                   || total
-------------------------++-------
Melee: Dagger            ||    30
       Unarmed           ||     2
 Cast: Sting             ||    26
       Poisonous Vapours ||     5
  Use: Potion            ||     4
Armor: Robe              ||     3
       Leather armour    ||     3
Dodge: Dodged            ||    22

Table legend: (Time is in decaauts)
 A = Elapsed time spent in this place.
 B = Non-inter-level travel time spent in this place.
 C = Inter-level travel time spent in this place.
 D = Time resting spent in this place.
 E = Time spent auto-exploring this place.
 F = Levels seen in this place.
 G = Mean time per level.
                   A        B        C        D        E       F      G
               +--------+--------+--------+--------+--------+-----+--------+
         Total |   1504 |   1449 |     55 |    428 |    866 |   2 |  752.0 |
       Dungeon |   1504 |   1449 |     55 |    428 |    866 |   2 |  752.0 |
               +--------+--------+--------+--------+--------+-----+--------+

Top non-repeatable levels by time:
     D:1: 1427 daAuts
     D:2: 76 daAuts
